 Dungeon Crawl Stone Soup version 0.29.1-1-gd02db6906a (webtiles) character file.

Game seed: 15092099901272180985

1954 raistware the Destroyer (level 9, -2/51 HPs)
             Began as an Octopode Conjurer on Sept 29, 2022.
             Slain by a gnoll
             ... wielding a +0 halberd
             ... led by a gnoll bouda
              (12 damage)
             ... on level 6 of the Dungeon.
             The game lasted 00:14:53 (7767 turns).

raistware the Destroyer (Octopode Conjurer)         Turns: 7767, Time: 00:14:54

Health: -2/51      AC:  1    Str: 10    XL:     9   Next: 19%
Magic:  20/29      EV: 13    Int: 24    God:
Gold:   220        SH:  0    Dex: 13    Spells: 17/22 levels left

rFire   . . .      SeeInvis .   B - +10 spear "Kuacw" {vorpal, rN+ Will- Str+4 Dex+2}
rCold   . . .      Faith    .   (no shield)
rNeg    + . .      Spirit   .   (helmet restricted)
rPois   .          Reflect  .   (no amulet)
rElec   .          Harm     .   C - ring of magical power
rCorr   .          Rampage  .   (no ring)
Will    .....                   (no ring)
Stlth   +++.......              (no ring)
HPRegen 0.17/turn               (no ring)
MPRegen 0.21/turn               (no ring)
                                (no ring)
                                (no ring)

@: no status effects
A: almost no armour, amphibious, 8 rings, camouflage 1, gelatinous body 1,
(nimble swimmer 1), tentacles
a: no special abilities


You were on level 6 of the Dungeon.
You visited 1 branch of the dungeon, and saw 6 of its levels.
You also visited: Sewer.

You collected 220 gold pieces.

Inventory:

Hand Weapons
 j - a +3 dagger of freezing
 m - a +2 short sword of electrocution
 B - the +10 spear "Kuacw" (weapon) {vorpal, rN+ Will- Str+4 Dex+2}
   (You found it on level 6 of the Dungeon)

   It inflicts extra damage upon your enemies.
   Str:       It affects your strength (+4).
   Dex:       It affects your dexterity (+2).
   rN:        It protects you from negative energy.
   Will:      It decreases your willpower.
Missiles
 i - 6 poisoned darts
 x - 3 javelins
Magical Staves
 v - a staff of earth
Jewellery
 C - a ring of magical power (left tentacle)
Scrolls
 b - 11 scrolls of identify {unknown}
 e - a scroll of immolation {unknown}
 f - 2 scrolls of enchant weapon {unknown}
 l - 3 scrolls of butterflies {unknown}
 n - 3 scrolls of poison {unknown}
 o - a scroll of enchant armour {unknown}
 t - 2 scrolls of magic mapping {unknown}
 u - a scroll of amnesia {unknown}
 y - a scroll of vulnerability {unknown}
Potions
 a - a potion of magic
 c - 3 potions of haste {unknown}
 d - 2 potions of might {unknown}
 g - 2 potions of mutation {unknown}
 h - a potion of berserk rage {unknown}
 k - 2 potions of attraction {unknown}
 p - a potion of degeneration {unknown}
 q - a potion of brilliance
 r - a potion of lignification {unknown}
 s - 2 potions of curing {unknown}
 w - a potion of invisibility {unknown}
 z - a potion of flight {unknown}
 A - a potion of cancellation {unknown}


   Skills:
 - Level 2.0 Dodging
 - Level 3.0 Stealth
 + Level 7.4 Spellcasting
 + Level 9.3 Conjurations
 - Level 2.0 Translocations


You had 17 spell levels left.
You knew the following spells:

 Your Spells              Type           Power      Damage    Failure   Level
a - Magic Dart            Conj           100%       1d8       1%          1
b - Iskenderun's Mystic   Conj/Tloc      36%        2d9       7%          4

Your spell library contained the following spells:

 Spells                   Type           Power      Damage    Failure   Level
 Searing Ray              Conj           100%       2d8       1%          2
 Dazzling Flash           Conj/Hex       62%        N/A       3%          3
 Fulminant Prism          Conj/Hex       15%        3d11      10%         4


Dungeon Overview and Level Annotations

Branches:
Dungeon (6/15)             Temple (0/1) D:4           Sewer (visited)

Altars:
Ashenzari
Dithmenos
Gozag
Hepliaklqana
Sif Muna


Innate Abilities, Weirdness & Mutations

You cannot wear most types of armour.
You are amphibious.
You can wear up to eight rings at the same time.
Your skin changes colour to match your surroundings (Stealth+).
Your rubbery body absorbs attacks. (AC +1, EV +1)
((You are camouflaged when in or above water. (Stealth+)))
You have tentacles for arms and can constrict up to eight enemies at once.


Message History

The adder barely misses you.
You puncture the adder!
You kill the adder!
You reach to attack!
You puncture the gnoll bouda!
The gnoll bouda is severely wounded.
The gnoll bouda gazes fiercely through you!
You feel your attacks grow feeble. The gnoll bouda closely misses you.
You hit the gnoll bouda. You grab the gnoll bouda.
The gnoll bouda is almost dead.
You constrict the gnoll bouda.
You kill the gnoll bouda!
You puncture the gnoll! You grab the gnoll. You squeeze the gnoll.
You kill the gnoll!
The gnoll closely misses you.
You reach to attack!
You hit the gnoll but do no damage.
The gnoll hits you from afar with a +0 halberd!
You reach to attack!
You hit the gnoll.
The gnoll is severely wounded.
The gnoll barely misses you.
You reach to attack!
You puncture the gnoll!
You kill the gnoll!
You reach to attack!
You closely miss the howler monkey. You puncture the howler monkey!
You grab the howler monkey.
The howler monkey is heavily wounded.
Your attacks no longer feel as feeble.
You constrict the howler monkey. The howler monkey hits you.
The gnoll closely misses you. The howler monkey hits you.
You puncture the howler monkey!
You kill the howler monkey!
The gnoll hits you from afar with a +0 halberd!
You reach to attack!
You barely miss the gnoll.
The gnoll hits you from afar with a +0 halberd! x2
* * * LOW HITPOINT WARNING * * *
Casting: Magic Dart (safe; 1% risk of failure)
Confirm with . or Enter, or press ? or * to list all spells.
You erupt in a blast of force!
The mystic blast hits the gnoll!
The gnoll is severely wounded.
The gnoll hits you from afar with a +0 halberd!
You die...

#)#...........
# #.##########
#.#####.....
#.....#.####
#.###.#.####
#######.#
#......#
#.....#.#
###.##..
#.###.#.#
#.####
#@#...#.# #.# #
#)#.#.#.#####.#
#
#g#.#.........#
#
#.#.#.#.#######
# #$#.#.#.# #
#)#.#.#.# #
..#.#.#.# #
..#.#.#.. #
#.### #


You could see a gnoll (swift).

Vanquished Creatures
  A water moccasin (D:4)
  3 black bears
  2 ogres (D:6)
  5 phantoms
  2 necrophages
  2 scorpions
  A howler monkey (D:6)
  2 orc priests (D:4)
  A jelly (D:5)
  A gnoll bouda (D:6)
  4 hounds
  Jessica (D:2)
  2 iguanas
  Natasha (thrice) (D:2)
  A hell rat (Sewer)
  4 orc wizards
  6 gnolls
  9 adders
  A river rat (Sewer)
  A white imp (D:5)
  An ufetubus (D:6)
  A worm (D:4)
  3 dart slugs
  9 orcs
  4 endoplasms
  3 giant cockroaches
  10 goblins
  5 hobgoblins
  2 jackals (D:1)
  6 quokkas
  7 ball pythons
  A bat (D:2)
  3 frilled lizards (D:1)
  7 kobolds
  12 rats
126 creatures vanquished.

Notes
Turn   | Place    | Note
-------+----------+-------------------------------------------
     0 | D:1      | raistware the Octopode Conjurer began the quest for the
                  | Orb.
     0 | D:1      | Reached XP level 1. HP: 11/11 MP: 3/3
   326 | D:1      | Reached XP level 2. HP: 15/17 MP: 1/5
  1353 | D:2      | Noticed Natasha
  1359 | D:2      | Killed Natasha
  1360 | D:2      | Reached XP level 3. HP: 21/21 MP: 0/8
  1446 | D:2      | Noticed Natasha
  1450 | D:2      | Killed Natasha
  1451 | D:2      | Reached XP level 4. HP: 27/27 MP: 5/10
  1457 | D:2      | Learned a level 4 spell: Iskenderun's Mystic Blast
  1796 | D:2      | Noticed Natasha
  1803 | D:2      | Killed Natasha
  1975 | D:2      | Found a faded altar of an unknown god.
  2081 | D:2      | Noticed Jessica
  2086 | D:2      | Killed Jessica
  2087 | D:2      | Reached skill level 5 in Conjurations
  2087 | D:2      | Reached XP level 5. HP: 31/31 MP: 5/11
  2560 | D:3      | Found an opulent altar of Gozag.
  3005 | D:4      | Reached skill level 1 in Translocations
  3092 | D:4      | Reached XP level 6. HP: 26/36 MP: 12/12
  3161 | D:4      | Found a staircase to the Ecumenical Temple.
  3212 | D:4      | Reached skill level 6 in Conjurations
  3370 | D:4      | Reached XP level 7. HP: 32/41 MP: 10/13
  3398 | D:4      | Found a glowing drain.
  3402 | Sewer    | Entered a sewer
  3563 | Sewer    | Reached skill level 7 in Conjurations
  4168 | D:4      | Reached skill level 8 in Conjurations
  4706 | D:5      | Entered Level 5 of the Dungeon
  4924 | D:5      | Reached XP level 8. HP: 17/46 MP: 6/15
  5200 | D:5      | Found a shadowy altar of Dithmenos.
  5309 | D:5      | Reached skill level 5 in Spellcasting
  6589 | D:5      | Found a shimmering blue altar of Sif Muna.
  6592 | D:5      | Found a hazy altar of Hepliaklqana.
  6594 | D:5      | Found a broken altar of Ashenzari.
  7158 | D:6      | Reached XP level 9. HP: 30/51 MP: 16/19
  7209 | D:6      | Reached skill level 9 in Conjurations
  7530 | D:6      | Identified the +10 spear "Kuacw" {vorpal, rN+ Will- Str+4
                  | Dex+2}
  7767 | D:6      | Slain by a gnoll

Illustrated notes

Levels and vault maps discovered:
D:1:      co_arrival_square_in_a_square_in_a_square, layout_basic,
          serial_forest, infiniplex_forest_end_3, infiniplex_forest_lined_1,
          infiniplex_forest_pool, infiniplex_forest_clump_long,
          infiniplex_forest_straight_2, infiniplex_forest_lined_ring,
          infiniplex_forest_corner_1
D:2:      layout_rooms, ebering_ecumenical_altar_sacrificial,
          minmay_misc_feat_tower, chequers_decorated_corner,
          minmay_indecisive_spiral, uniq_natasha, uniq_jessica
D:3:      layout_basic, marbit_many_paths
D:4:      minmay_evil_eye, layout_rooms, minmay_temple_entry_stoned_glass,
          gup_sewer_entry_spiral
D:5:      minmay_inner_zag, layout_basic, grunt_temple_overflow_diamond,
          mainiacjoe_overflow_six_doors_small, roderic_roman_lattice,
          serial_bayou_crossing
D:6:      layout_basic, minmay_splitting_lines

Skill      XL: |  1  2  3  4  5  6  7  8  9 |
---------------+----------------------------+-----
Spellcasting   | 3 4 7 |  7.4
Conjurations   | 5 6 8 9 |  9.3
Translocations | 1 2 |  2.0
Stealth        | 3 |  3.0
Dodging        | |  2.0

Action                   |  1- 3 |  4- 6 |  7- 9 || total
-------------------------+-------+-------+-------++-------
Melee: Unarmed           |    13 |     4 |       ||    17
       Constrict         |     5 |    10 |    12 ||    27
       Tentacles         |     4 |     9 |    18 ||    31
       Dagger            |       |    20 |       ||    20
       Short sword       |       |     1 |    56 ||    57
       Punch             |       |     1 |       ||     1
       Spear             |       |       |    13 ||    13
Throw: Dart              |       |       |    12 ||    12
 Cast: Magic Dart        |    43 |    85 |   162 ||   290
       Iskenderun's Myst |       |     2 |    14 ||    16
  Use: Potion            |       |     1 |       ||     1
 Stab: Sleeping          |       |     2 |     2 ||     4
Armor: Skin              |     1 |     2 |     2 ||     5
Dodge: Dodged            |     7 |    30 |    52 ||    89
